 Dungeon Crawl Stone Soup version 0.30.1-9-gdf580d7c3d (webtiles) character file.

Game seed: 1513181987585200752

1278 monsoonserge the Ducker (level 9, -2/75 HPs)
             Began as a Meteoran Monk on Oct 18, 2023.
             Splashed by a jelly's acid (8 damage)
             ... on level 6 of the Dungeon.
             The game lasted 00:15:49 (2466 turns).

monsoonserge the Ducker (Meteoran Monk)             Turns: 2466, Time: 00:15:50

Health: -2/75      AC:  0    Str: 10 (13) XL:     9   Next: 9%
Magic:  10/10      EV:  8    Int: 12      God:
Gold:   337        SH:  0    Dex: 20 (21) Spells: 8/8 levels left

rFire   . . .        g - +3 dagger (freeze)
rCold   + . .        d - orb {light}
rNeg    . . .        t - +0 chain mail
rPois   .            (no helmet)
rElec   .            o - scarf {harm}
rCorr   .            c - +1 pair of gloves
SInv    .            (no boots)
Will    +....        (no amulet)
Stlth   x              - ring of protection from cold
HPRegen 0.32/turn    (no ring)
MPRegen 0.12/turn

%: harm (+30% outgoing, +20% incoming)
@: corroded, glowing
A: sense surroundings 2, otherworldly, glowing, explore regen
a: no special abilities


You were on level 6 of the Dungeon.
You visited 1 branch of the dungeon, and saw 6 of its levels.

You collected 337 gold pieces.

Inventory:

Hand Weapons
 a - a +0 falchion
 g - a +3 dagger of freezing (weapon)
 u - a +2 dagger of freezing
Missiles
 y - 4 poisoned darts (quivered)
Armour
 b - a +0 robe
 c - a +1 pair of gloves (worn)
 d - an orb of light (worn)
 o - a scarf of harm (worn)
 p - a +0 leather armour
 q - a +0 ring mail
 t - a +0 chain mail (worn)
Jewellery
 l - a ring of wizardry
 s - the Hermit's Pendant {Faith Invo=14 Evo=0 MP+5}
   (You found it on level 3 of the Dungeon)

   [amulet of faith]

   Invo=14: It sets your Invocations skill to 14.
   Evo=0: It sets your Evocations skill to 0.
   It allows you to gain divine favour quickly.
   MP:        It affects your magic capacity (+5).
 x - a ring of protection from cold (left hand)
Wands
 j - a wand of roots (6)
Scrolls
 f - a scroll of torment {unknown}
 h - 6 scrolls of identify {unknown}
 i - a scroll of immolation {unknown}
 k - a scroll of teleportation {unknown}
 m - a scroll of amnesia {unknown}
 v - 3 scrolls of fog
 z - a scroll of acquirement {unknown}
Potions
 n - 2 potions of curing
 A - a potion of flight


   Skills:
 + Level 5.7 Fighting
 + Level 4.7(5.9) Short Blades
 - Level 6.0(6.9) Long Blades
 + Level 0.5 Throwing
 + Level 5.7 Armour
 + Level 6.2 Dodging
 + Level 0.7 Stealth


You had 8 spell levels left.
You didn't know any spells.
Your spell library contained the following spells:

 Spells                   Type           Power      Damage    Failure   Level
 Beastly Appendage        Tmut           0%         N/A       100%        1
 Wereblood                Tmut           0%         N/A       100%        2
 Call Canine Familiar     Summ           0%         N/A       100%        3
 Gell's Gravitas          Tloc           0%         N/A       100%        3
 Portal Projectile        Hex/Tloc       0%         N/A       100%        3
 Spider Form              Tmut/Pois      0%         N/A       100%        3
 Teleport Other           Tloc           0%         N/A       100%        3
 Leda's Liquefaction      Hex/Erth       0%         N/A       100%        4
 Dispersal                Tloc           0%         N/A       100%        6


Dungeon Overview and Level Annotations

Branches:
Dungeon (6/15) Zot: 1183
 Temple: D:4-7

Altars:
Gozag

Annotations:
D:2 Sigmund
D:5 Pikel


Innate Abilities, Weirdness & Mutations

You passively map the area around you.
You are easily found by Zot.
You glow in the dark.
You regain HP and MP as you explore.


Message History

The hound bites you.
You hit the hound. You freeze the hound.
You kill the hound!
Your life force feels restored.
You see here a hound corpse.
You see here a howler monkey corpse.
The jelly quivers.
The jelly hits you.
You are splashed with acid!
You hit the jelly. You freeze the jelly. The acid corrodes you!
Your hands burn!
The jelly is lightly wounded.
Okay, then.
You hit the jelly. You freeze the jelly. The acid corrodes you!
Your hands burn!
The jelly is heavily wounded.
The jelly hits you but does no damage.
You hit the jelly but do no damage.
Your hands burn!
The jelly is heavily wounded.
The jelly hits you. The acid corrodes you!
You are splashed with acid!
You hit the jelly but do no damage.
Your hands burn!
The jelly is heavily wounded.
You hit the jelly but do no damage.
Your hands burn!
* * * LOW HITPOINT WARNING * * *
The jelly is heavily wounded.
The jelly hits you.
* * * LOW HITPOINT WARNING * * *
The acid corrodes you!
You are splashed with acid!
* * * LOW HITPOINT WARNING * * *
Okay, then.
You feel better. The jelly hits you.
* * * LOW HITPOINT WARNING * * *
You are splashed with acid!
* * * LOW HITPOINT WARNING * * *
As you read the scroll labelled JIBBIE CIHATA, it crumbles to dust.
It is a scroll of enchant armour.
Your +0 pair of gloves glows green for a moment.
The jelly hits you.
* * * LOW HITPOINT WARNING * * *
You are splashed with acid!
You die...

### #>. # #.#.# *
..#. , *, ,#.. ,
#.#* *###* * ** ,*
####J###.... #
#.†.@$...# * * *
#.###.#......#
#...†.#..##.##
############......#
#.............#.###
#.#########.....#
#.# ..#.### #.# *
.....# * #(#
*,##>.... *


You could see a jelly.

Vanquished Creatures
  Menkaure (D:5)
  An ice beast (D:5)
  An ogre (D:5)
  A phantom (D:4)
  3 scorpions
  4 wights (D:5)
  A howler monkey (D:6)
  3 hounds
  An orc priest (D:3)
  5 iguanas
  Ijyb (D:5)
  Natasha (twice) (D:2)
  2 orc wizards (D:3)
  2 adders
  2 ufetubi
  An adder skeleton (D:2)
  2 worms (D:2)
  3 dart slugs
  6 orcs (D:3)
  10 ball pythons
  A bat skeleton (D:2)
  A bat zombie (D:2)
  4 endoplasms
  6 giant cockroaches
  5 goblins
  4 hobgoblins
  5 jackals
  8 kobolds
  4 quokkas
  A ball python skeleton (D:2)
  A ball python zombie (D:2)
  5 bats
  2 frilled lizards (D:1)
  5 rats
104 creatures vanquished.

Notes
Turn   | Place    | Note
-------+----------+-------------------------------------------
     0 | D:1      | monsoonserge the Meteoran Monk began the quest for the Orb.
     0 | D:1      | Reached XP level 1. HP: 19/19 MP: 2/2
    60 | D:1      | Reached XP level 2. HP: 26/26 MP: 3/3
   197 | D:1      | Reached XP level 3. HP: 31/31 MP: 4/4
   476 | D:2      | Noticed Natasha
   483 | D:2      | Killed Natasha
   484 | D:2      | Reached XP level 4. HP: 27/40 MP: 5/5
   592 | D:2      | Noticed Natasha
   598 | D:2      | Killed Natasha
   598 | D:2      | Noticed Sigmund
   599 | D:2      | Reached XP level 5. HP: 42/46 MP: 6/6
   638 | D:2      | Reached skill level 5 in Long Blades
   976 | D:3      | Found an opulent altar of Gozag.
  1085 | D:3      | Found the Hermit's Pendant {Faith Invo=14 Evo=0 MP+5}
  1105 | D:3      | Reached XP level 6. HP: 52/52 MP: 7/7
  1204 | D:3      | Reached skill level 5 in Dodging
  1394 | D:4      | Reached skill level 1 in Armour
  1405 | D:4      | Reached XP level 7. HP: 24/60 MP: 8/8
  1505 | D:4      | Reached skill level 1 in Short Blades
  1631 | D:5      | Entered Level 5 of the Dungeon
  1769 | D:5      | Noticed Menkaure
  1797 | D:5      | Killed Menkaure
  1798 | D:5      | Reached skill level 5 in Fighting
  1798 | D:5      | Reached XP level 8. HP: 56/68 MP: 9/9
  2015 | D:5      | Noticed Ijyb
  2016 | D:5      | Noticed Pikel
  2039 | D:5      | Killed Ijyb
  2150 | D:5      | HP: 2/87 [wight/+4 dire flail (3)]
  2265 | D:5      | Reached skill level 5 in Armour
  2265 | D:5      | Gained mutation: You passively map the area around you.
                  | [Meteoran growth]
  2265 | D:5      | Reached XP level 9. HP: 49/71 MP: 10/10
  2466 | D:6      | Splashed by a jelly's acid

Illustrated notes

Levels and vault maps discovered:
D:1:      dpeg_arrival_solitude, layout_loops_ring, st_stairs_3
D:2:      layout_loops_ring, serial_undead, serial_undead_d, serial_undead_b,
          serial_undead_d, serial_undead_d, hangedman_glass_teeth, uniq_jessica,
          uniq_natasha, uniq_sigmund
D:3:      layout_loops_ring, mainiacjoe_overflow_boulevard,
          minmay_misc_feat_ornament, hangedman_abyss_or_decor_lesser_grid,
          st_stairs_3, hangedman_decor_growths, kennysheep_generic_room_2
D:4:      layout_rooms
D:5:      layout_basic, minmay_temple_entry_poolview, uniq_menkaure, uniq_ijyb,
          uniq_pikel
D:6:      layout_basic, jmf_multi_god_temple2

Skill      XL: |  1  2  3  4  5  6  7  8 |
---------------+-------------------------+-----
Long Blades    | 4 5 6 |  6.0
Dodging        | 4 5 6 |  6.2
Fighting       | 4 5 |  5.7
Armour         | 1 3 5 |  5.7
Short Blades   | 3 4 |  4.7
Throwing       | |  0.5
Stealth        | |  0.7

Action                     |  1- 3 |  4- 6 |  7- 9 || total
---------------------------+-------+-------+-------++-------
  Melee: Falchion          |    75 |   119 |       ||   194
         Dagger            |       |    32 |   266 ||   298
  Throw: Dart              |       |       |     3 ||     3
  Evoke: Wand              |       |       |     1 ||     1
    Use: Potion            |       |       |     8 ||     8
         Scroll            |       |       |     2 ||     2
 Armour: Robe              |    18 |    16 |       ||    34
         Leather armour    |       |     2 |       ||     2
         Ring mail         |       |     9 |       ||     9
         Chain mail        |       |     9 |   104 ||   113
         Skin              |       |       |     8 ||     8
  Dodge: Dodged            |    36 |    72 |    61 ||   169
